 Dungeon Crawl Stone Soup version 0.19.0-19-g8c6edcc (webtiles) character file.

126 nikopol the Skirmisher (level 5, -3/33 HPs)
             Began as a Gargoyle Berserker on Nov 15, 2016.
             Was a Believer of Trog.
             Killed by divine providence
             ... invoked by an orc priest
              (13 damage)
             ... on level 3 of the Dungeon.
             The game lasted 00:04:41 (2160 turns).

nikopol the Skirmisher (Gargoyle Berserker)         Turns: 2160, Time: 00:04:41

Health: -3/33      AC:  6    Str: 21    XL:     5   Next: 10%
Magic:  5/5        EV:  9    Int:  7    God:    Trog [**....]
Gold:   202        SH:  7    Dex: 10    Spells: 0 memorised, 4 levels left

rFire  . . .     SeeInvis .     a - +0 hand axe (chop)
rCold  . . .     Gourm    .     b - +0 animal skin
rNeg   + . .     Faith    .     s - +0 shield
rPois  ∞         Spirit   .     (no helmet)
rElec  +         Reflect  .     (no cloak)
rCorr  .         Harm     .     (no gloves)
MR     .....                    (no boots)
Stlth  +.........               (no amulet)
                                (no ring)
                                (no ring)

@: no status effects
A: negative energy resistance 1, electricity resistance, unbreathing,
petrification resistance, rot immunity, AC +4
a: Berserk, Trog's Hand, Burn Spellbooks, Renounce Religion


You were on level 3 of the Dungeon.
You worshipped Trog.
Trog was pleased with you.
You were not hungry.

You visited 1 branch of the dungeon, and saw 3 of its levels.

You collected 202 gold pieces.

Inventory:

Hand Weapons
 a - a +0 hand axe of chopping (weapon)
 d - a +0 hand axe
Missiles
 e - 25 arrows (quivered)
Armour
 b - a +0 animal skin (worn)
 k - a +2 chain mail of magic resistance
 s - a +0 shield (worn)
Jewellery
 l - an uncursed ring of positive energy {unknown}
Scrolls
 f - a scroll of remove curse {unknown}
 g - 4 scrolls of identify {unknown}
 h - 2 scrolls of teleportation {unknown}
 i - 2 scrolls of enchant armour {unknown}
 o - a scroll of recharging {unknown}
 q - a scroll of noise {unknown}
 r - 2 scrolls of fear {unknown}
 v - a scroll of amnesia {unknown}
Potions
 n - a potion of haste {unknown}
 p - a potion of heal wounds {unknown}
 t - 2 potions of degeneration {unknown}
Comestibles
 c - a bread ration
 j - a meat ration
 m - a slice of pizza
 u - 2 beef jerkies


   Skills:
 + Level 4.1 Fighting
 * Level 3.4 Axes
 + Level 3.2 Armour
 + Level 2.5 Dodging


You had 4 spell levels left.
You didn't know any spells.

Dungeon Overview and Level Annotations

Branches:
Dungeon (3/15)

Altars:
Gozag
Makhleb
Ru
Sif Muna


Innate Abilities, Weirdness & Mutations

You are resistant to torment.
Your stone body is resilient. (AC +4)
You are immune to poison.
You resist negative energy. (rN+)
You are resistant to electric shocks. (rElec)
You can survive without breathing.
You are immune to petrification.
You are immune to rotting.


Message History

The orc barely misses you.
You barely miss the orc.
The orc is severely wounded.
The orc closely misses you.
You hit the orc but do no damage.
The orc is severely wounded.
You block the orc's attack.
You closely miss the orc.
The orc is severely wounded.
The orc priest calls upon Beogh to heal the orc.
The orc is healed somewhat.
The orc hits you with a war axe!
Your shield prevents you from hitting the orc.
The orc is lightly wounded.
You block the orc's attack.
You hit the orc.
You kill the orc!
Trog accepts your kill.
The orc priest invokes the aid of Beogh against you.
Beogh smites you!
You die...

..._......##
.......#..# .......#..#
#.....##.## ###.####.#
.........####
..#########.. # .<#
#.#######..#.# ..#
#.#...@o.o...# .##
#.##.###o..... .#
#.##.# ...## .#
#####....#### ### .##
#.............#
..#####.###.#########
#............#
#.......####.##########
#...###.# #(.(.(..)..#


You could see an orc priest and 2 orcs.

Vanquished Creatures
  An orc priest (D:3)
  3 adders (D:2)
  2 oozes (D:2)
  A worm (D:3)
  3 dart slugs
  A leopard gecko (D:2)
  5 orcs (D:3)
  5 giant cockroaches
  4 goblins
  5 hobgoblins
  4 jackals (D:3)
  2 kobolds
  A quokka (D:3)
  A ball python (D:1)
  3 bats
  A frilled lizard (D:1)
  6 rats
48 creatures vanquished.

Notes
Turn   | Place    | Note
-------+----------+-------------------------------------------
     0 | D:1      | nikopol the Gargoyle Berserker began the quest for the Orb.
     0 | D:1      | Reached XP level 1. HP: 14/14 MP: 1/1
   210 | D:1      | Reached XP level 2. HP: 15/19 MP: 2/2
   579 | D:2      | Found a deep blue altar of Sif Muna.
   606 | D:2      | Reached XP level 3. HP: 21/24 MP: 3/3
   742 | D:2      | Found a sacrificial altar of Ru.
   994 | D:2      | Reached ** piety under Trog
  1154 | D:2      | Reached XP level 4. HP: 29/29 MP: 4/4
  1217 | D:2      | Reached skill level 4 in Fighting
  1579 | D:3      | Found a burning altar of Makhleb.
  1824 | D:3      | Found an opulent altar of Gozag.
  1878 | D:3      | Reached XP level 5. HP: 13/33 MP: 5/5
  2160 | D:3      | Killed from afar by an orc priest

Skill      XL: |  1  2  3  4 |
---------------+-------------+-----
Axes           | 3 |  3.4
Dodging        | 2 |  2.5
Fighting       | 4 |  4.1
Armour         | 3 |  3.2

Action                   |  1- 3 |  4- 6 || total
-------------------------+-------+-------++-------
Melee: Hand axe          |    76 |    63 ||   139
Invok: Berserk           |       |     1 ||     1
  Eat: Chunk             |       |     4 ||     4
       Fruit             |       |     1 ||     1
Armor: Animal skin       |    21 |    16 ||    37
Dodge: Dodged            |    58 |    30 ||    88
Block: Shield            |       |    26 ||    26
